 Dungeon Crawl Stone Soup version 0.24.0-1-gfbc8707 (webtiles) character file.

Game seed: 996927608057644462, levelgen mode: deterministic

206391 Balder the Impaler (level 18, -1/166 HPs)
             Began as a Minotaur Fighter on Nov 1, 2019.
             Was the Champion of Okawaru.
             Slain by a +4 glaive of protection (10 damage)
             ... on level 2 of the Elven Halls on Nov 4, 2019.
             The game lasted 03:59:31 (35437 turns).

Balder the Impaler (Minotaur Fighter)              Turns: 35437, Time: 03:59:32

Health: -1/166     AC: 30    Str: 27    XL:     18   Next: 6%
Magic:  0/24       EV: 25    Int:  9    God:    Okawaru [******]
Gold:   2804       SH: 16    Dex: 27    Spells: 17/17 levels left

rFire    + + +     SeeInvis +   K - +3 demon trident of Bowem {drain, rF+++ Str+6 Int+4 Stlth-}
rCold    + . .     Gourm    .   T - +1 shield {reflect}
rNeg     + . .     Faith    .   v - +11 chain mail "Igaikaef" {Dex+4}
rPois    +         Spirit   +   n - +0 hat {SInv}
rElec    .         Reflect  +   V - scarf {rC+ rF+}
rCorr    .         Harm     .   q - +2 pair of gloves
MR       ++...                  c - +2 pair of boots of Niuficyn {*Drain rPois rN+ Dex+5}
Stlth    ..........             s - amulet of guardian spirit
HPRegen  0.37/turn              Q - ring of protection from magic
MPRegen  0.19/turn              r - +6 ring of evasion

@: no status effects
A: retaliatory headbutt, horns 2
}: 1/15 runes: barnacled
a: Heroism, Finesse, Renounce Religion


You were on level 2 of the Elven Halls.
You worshipped Okawaru.
Okawaru was exalted by your worship.
You were not hungry.

You visited 8 branches of the dungeon, and saw 31 of its levels.
You visited the Abyss 1 time.

You collected 3386 gold pieces.
You spent 582 gold pieces at shops.

Inventory:

Hand Weapons
 a - the +8 lance "Wyrmbane" {slay drac, rPois rF+ rC+ AC+3}
   (You found it on level 5 of the Dungeon)

   It affects your AC (+3).
   It protects you from fire.
   It protects you from cold.
   It protects you from poison.
 b - the +6 trident "Orb Guardian's Death" {antimagic, Str+9 Dex+4}
   (You found it on level 12 of the Dungeon)

   It reduces the magical energy of the wielder, and disrupts the spells and
   magical abilities of those hit.
   Natural abilities and divine invocations are not affected.
   It affects your strength (+9).
   It affects your dexterity (+4).
 h - a +3 broad axe of freezing
 A - a +1 vampiric demon whip
 B - the +9 whip of Doom {venom, rF+}
   (You found it on level 5 of the Dungeon)

   It poisons the flesh of those it strikes.
   It protects you from fire.
 D - a +6 flail of holy wrath
 K - the +3 demon trident of Bowem (weapon) {drain, rF+++ Str+6 Int+4 Stlth-}
   (Okawaru gifted it to you on level 13 of the Dungeon)

   A truly terrible weapon, it drains the life of those it strikes.
   It affects your strength (+6).
   It affects your intelligence (+4).
   It renders you almost immune to fire.
   It makes you less stealthy.
Missiles
 j - 2 silver javelins
 F - 63 boomerangs (quivered)
 X - 12 datura-tipped darts
Armour
 c - the +2 pair of boots of Niuficyn (worn) {*Drain rPois rN+ Dex+5}
   (Okawaru gifted it to you on level 1 of the Orcish Mines)

   It affects your dexterity (+5).
   It protects you from poison.
   It protects you from negative energy.
   It causes draining when unequipped.
 l - +5 pearl dragon scales
 n - a +0 hat of see invisible (worn)
 q - a +2 pair of gloves (worn)
 v - the +11 chain mail "Igaikaef" (worn) {Dex+4}
   (Okawaru gifted it to you on level 3 of the Abyss)

   It affects your dexterity (+4).
 C - the +1 crystal plate armour "Fakummir" {Regen+ Str+4 Dex-3 Slay+2, unknown}
   (Okawaru gifted it to you on level 1 of the Elven Halls)

   It affects your strength (+4).
   It affects your dexterity (-3).
   It affects your accuracy and damage with ranged weapons and melee attacks
   (+2).
   It increases your rate of regeneration.
 G - a +3 shield of protection
 H - the +2 cloak of Death Resistance {*Corrode MR+ Str+5}
   (You bought it in a shop on level 2 of the Orcish Mines)

   It affects your strength (+5).
   It affects your resistance to hostile enchantments.
   It may corrode you when you take damage.
 P - a +1 shield of poison resistance
 T - a +1 shield of reflection (worn)
 V - a scarf of resistance (worn)
Jewellery
 e - an uncursed ring of stealth
 r - a +6 ring of evasion (right hand)
 s - an amulet of guardian spirit (around neck)
 u - an uncursed ring of poison resistance
 Q - a ring of protection from magic (left hand)
 W - the ring "Feident" {rF+ rCorr MP+9 Int+3}
   (You found it on level 5 of the Lair of Beasts)

   [ring of resist corrosion]

   It affects your intelligence (+3).
   It protects you from fire.
   It affects your magic capacity (+9).
   It provides partial protection from all sources of acid and corrosion.
 Z - a +5 ring of evasion
Wands
 d - a wand of polymorph (15)
 w - a wand of random effects (50)
 x - a wand of disintegration (14)
 E - a wand of iceblast (9)
 L - a wand of flame (77)
 N - a wand of acid (2)
 Y - a wand of digging (12)
Scrolls
 g - 10 scrolls of identify
 i - 19 scrolls of remove curse
 m - 5 scrolls of teleportation
 S - a scroll of silence
 U - a scroll of fog
Potions
 o - 2 potions of berserk rage
 p - a potion of might
 t - 2 potions of resistance
 z - a potion of curing
 I - 5 potions of cancellation
 J - a potion of agility
 M - 5 potions of mutation
 O - 2 potions of flight
Miscellaneous
 k - a lamp of fire
 y - a crystal ball of energy
 R - a fan of gales
Comestibles
 f - 26 rations


   Skills:
 * Level 15.6 Fighting
 - Level 7.0(14.5) Axes
 + Level 12.1(12.8) Maces & Flails
 * Level 16.2(16.7) Polearms
 * Level 12.2 Throwing
 + Level 12.0 Armour
 + Level 11.4 Dodging
 - Level 0.6 Stealth
 - Level 13.9 Shields
 * Level 10.2 Invocations
 * Level 6.3 Evocations


You had 17 spell levels left.
You didn't know any spells.
Your spell library contained the following spells:

 Spells                   Type           Power        Failure   Level  Hunger
 Animate Skeleton         Necr           N/A          88%         1    ##.....
 Corona                   Hex            #......      88%         1    ##.....
 Infusion                 Chrm           #...         88%         1    ##.....
 Magic Dart               Conj           #...         88%         1    ##.....
 Pain                     Necr           #...         88%         1    ##.....
 Sandblast                Erth           #.....       88%         1    ##.....
 Sting                    Conj/Pois      #...         88%         1    ##.....
 Summon Butterflies       Summ           #.......     88%         1    ##.....
 Summon Small Mammal      Summ           #...         88%         1    ##.....
 Blink                    Tloc           N/A          96%         2    ###....
 Call Imp                 Summ           #.......     96%         2    ###....
 Corpse Rot               Necr           N/A          96%         2    ###....
 Ensorcelled Hibernation  Hex/Ice        #.....       96%         2    ###....
 Passwall                 Tmut/Erth      #.......     96%         2    ###....
 Poisonous Vapours        Pois/Air       #.....       96%         2    ###....
 Searing Ray              Conj           #.....       96%         2    ###....
 Shroud of Golubria       Chrm/Tloc      #.....       96%         2    ###....
 Slow                     Hex            #.......     96%         2    ###....
 Song of Slaying          Chrm           #.......     96%         2    ###....
 Call Canine Familiar     Summ           #.......     99%         3    ####...
 Confuse                  Hex            #.......     99%         3    ####...
 Conjure Flame            Conj/Fire      #.......     99%         3    ####...
 Dazzling Spray           Conj/Hex       #.....       99%         3    ####...
 Mephitic Cloud           Conj/Pois/Air  #.......     99%         3    ####...
 Recall                   Summ/Tloc      N/A          99%         3    ####...
 Regeneration             Chrm/Necr      #.........   99%         3    ####...
 Spectral Weapon          Hex/Chrm       #.......     99%         3    ####...
 Static Discharge         Conj/Air       #.......     99%         3    ####...
 Stone Arrow              Conj/Erth      #.....       99%         3    ####...
 Summon Guardian Golem    Hex/Summ       #.......     99%         3    ####...
 Tukima's Dance           Hex            #.......     99%         3    ####...
 Vampiric Draining        Necr           #.........   99%         3    ####...
 Animate Dead             Necr           N/A          100%        4    #####..
 Cause Fear               Hex            #.........   100%        4    #####..
 Force Lance              Conj/Tloc      #.......     100%        4    #####..
 Fulminant Prism          Conj/Hex       #.........   100%        4    #####..
 Iskenderun's Mystic Bla  Conj           #.......     100%        4    #####..
 Leda's Liquefaction      Hex/Erth       #.........   100%        4    #####..
 Olgreb's Toxic Radiance  Pois           #.......     100%        4    #####..
 Petrify                  Tmut/Erth      #.......     100%        4    #####..
 Summon Ice Beast         Ice/Summ       #.......     100%        4    #####..
 Summon Lightning Spire   Summ/Air       #.......     100%        4    #####..
 Alistair's Intoxication  Tmut/Pois      #.......     100%        5    ######.
 Aura of Abjuration       Summ           #.........   100%        5    ######.
 Bolt of Magma            Conj/Fire/Erth #.........   100%        5    ######.
 Iskenderun's Battlesphe  Conj/Chrm      #.......     100%        5    ######.
 Lee's Rapid Deconstruct  Erth           #.........   100%        5    ######.
 Silence                  Hex/Air        #.........   100%        5    ######.
 Summon Demon             Summ           #.........   100%        5    ######.
 Summon Forest            Summ/Tloc      #.........   100%        5    ######.
 Summon Mana Viper        Hex/Summ       #.......     100%        5    ######.
 Venom Bolt               Conj/Pois      #.........   100%        5    ######.
 Yara's Violent Unravell  Hex/Tmut       #.........   100%        5    ######.
 Bolt of Cold             Conj/Ice       #.........   100%        6    #######
 Deflect Missiles         Chrm/Air       #.........   100%        6    #######
 Freezing Cloud           Conj/Ice/Air   #.........   100%        6    #######
 Hydra Form               Tmut           #.........   100%        6    #######
 Iron Shot                Conj/Erth      #.........   100%        6    #######
 Shadow Creatures         Summ           N/A          100%        6    #######
 Orb of Destruction       Conj           #.........   100%        7    #######
 Ring of Flames           Chrm/Fire      #.........   100%        7    #######
 Spellforged Servitor     Conj/Summ      #.........   100%        7    #######
 Summon Hydra             Summ           #.........   100%        7    #######
 Discord                  Hex            #.........   100%        8    #######


Dungeon Overview and Level Annotations

Branches:
Dungeon (13/15)            Temple (1/1) D:7            Lair (6/6) D:11
 Shoals (4/4) Lair:2       Spider (2/4) Lair:3          Orc (2/2) D:12
    Elf (2/3) Orc:2        Vaults (1/5) D:13
  Slime: Lair:5-6

Altars:
Cheibriados
Dithmenos
Hepliaklqana
Kikubaaqudgha
Makhleb
Okawaru
Sif Muna
Yredelemnul
Zin
The Shining One
Beogh

Shops:
D:6 *   D:7 *   D:9 =   Orc:1 (   Orc:2 ([*}

Portals:
Trove: D:11 (give +2 gold dragon scales)

Annotations:
Lair:6 exclusion: 4 oklob plants


Innate Abilities, Weirdness & Mutations

You reflexively headbutt those who attack you in melee.
You have a pair of horns on your head.


Message History

You headbutt the ice beast! You hit the deep elf mage.
Your headbutt misses the deep elf mage.
The deep elf mage is heavily wounded.
You block the deep elf mage's attack.
The deep elf mage gestures wildly while chanting.
The deep elf mage blinks!
You block the +4 glaive of protection's attack.
You block the ice beast's attack.
You impale the deep elf mage!!
You kill the deep elf mage!
Okawaru accepts your kill.
The ice beast disappears in a puff of smoke!
The deep elf mage points at you and mumbles some strange words.
The bolt of lightning hits the +4 glaive of protection.
The +4 glaive of protection completely resists.
The bolt of lightning hits you!!
* * * LOW HITPOINT WARNING * * *
Unknown command.
You feel better. The +4 glaive of protection hits you!
You die...

....... .......
........ ........
......# ... #...##
...Y. #.§)##
...Y..# ##.)§#
......e.###.§@##
..........#..(##
............e..##
.................##
..................#
..................#
..................#
.................##
................##


You could see a deep elf mage and a +4 glaive of protection.

Vanquished Creatures
  A profane servitor (Abyss:3)
  A deep elf blademaster (Elf:2)
  2 tentacled starspawn (Abyss:3)
  Frances (D:12)
  A sphinx (Vaults:1)
  Gastronok (Lair:1)
  Kirke (D:12)
  Donald (Orc:2)
  A frost giant (Shoals:4)
  A corrupter (Abyss:3)
  An orc warlord (Orc:2)
  3 entropy weavers
  A very ugly thing (Abyss:3)
  A deep elf demonologist (Elf:1)
  A deep elf annihilator (Elf:1)
  Azrael (Spider:2)
  5 merfolk javelineers
  Snorg (D:12)
  7 merfolk impalers (Shoals:4)
  A yaktaur captain (Vaults:1)
  2 fire dragons (Vaults:1)
  4 hydras
  A catoblepas (Lair:2)
  8 vault guards (D:13)
  3 merfolk avatars
  3 satyrs (Shoals:4)
  2 alligator snapping turtles (Shoals:4)
  A centaur warrior (Vaults:1)
  3 two-headed ogres
  8 dancing weapons
  A death knight (Vaults:1)
  5 merfolk aquamancers
  A thrashing horror (Abyss:3)
  An orc high priest (Orc:2)
  A storm dragon zombie (Abyss:3)
  A fire crab (Lair:5)
  A spatial maelstrom (Abyss:3)
  Sonja (D:10)
  11 deep elf knights
  A wretched star (Abyss:3)
  2 unseen horrors
  A skeletal warrior (Vaults:1)
  13 sea snakes
  2 deep elf archers (Elf:1)
  5 orc knights
  18 harpies
  8 wolf spiders
  An oklob plant (Lair:4)
  34 deep elf magi
  7 orb spiders
  3 ugly things
  An orc sorcerer (Orc:2)
  9 cyclopes
  5 elephants
  16 fauns
  11 manticores
  A worldbinder (Abyss:3)
  2 black mambas
  A black mamba (shapeshifter) (D:13)
  9 merfolk sirens
  A gargoyle (D:13)
  3 water nymphs (Shoals:4)
  A smoke demon (Abyss:3)
  A vault sentinel (Vaults:1)
  11 spiny frogs
  3 rime drakes
  6 demonic crawlers
  11 komodo dragons
  A freezing wraith (Vaults:1)
  A hellwing (Abyss:3)
  2 guardian mummies (D:11)
  13 jumping spiders
  27 merfolk
  3 trolls
  3 wind drakes
  5 polar bears
  A queen bee (shapeshifter) (Abyss:3)
  6 hornets
  9 slime creatures (D:12)
  13 snapping turtles
  16 dream sheep
  9 blink frogs
  8 hippogriffs
  22 redbacks
  12 spriggans (Lair:6)
  4 air elementals
  14 water elementals
  2 large abominations (Abyss:3)
  3 wyverns
  11 tarantellas (Spider:1)
  7 wraiths
  A yak (shapeshifter) (D:13)
  3 fire elementals (Spider:1)
  4 fire bats
  2 ynoxinuls (Abyss:3)
  3 hogs (D:12)
  Eustachio (D:5)
  40 yaks
  4 basilisks
  A chaos spawn (Abyss:3)
  A basilisk (shapeshifter) (D:12)
  3 hungry ghosts
  2 vampire mosquitoes (D:12)
  An insubstantial wisp (Abyss:3)
  Edmund (D:6)
  3 wargs
  A soldier ant (D:13)
  17 water moccasins
  Duvessa (D:7)
  2 hell hounds (Spider:2)
  7 porcupines
  8 sky beasts
  3 small abominations (Abyss:3)
  5 black bears
  3 ice beasts
  A necrophage (D:8)
  An ice dragon simulacrum (Abyss:3)
  38 orc warriors
  An eye of draining (Abyss:3)
  A phantom (D:8)
  8 ogres
  4 boggarts (Lair:6)
  18 wolves (Lair:6)
  6 centaurs
  A big kobold (D:11)
  13 crocodiles
  An elf skeleton (D:13)
  18 bullfrogs
  An earth elemental (Elf:1)
  Dowan (D:7)
  3 scorpions
  6 wights
  10 crimson imps
  4 howler monkeys
  4 bullfrog zombies
  4 human zombies (D:13)
  2 quasits
  5 centaur skeletons
  4 hounds
  28 orc priests
  2 bullfrog skeletons
  Jessica (D:2)
  11 worker ants
  Natasha (thrice) (D:2)
  5 iguanas
  41 orc wizards
  6 hell rats (Lair:6)
  A tengu zombie (Abyss:3)
  2 mummies
  Robin (D:2)
  7 gnolls
  24 adders
  3 shadow imps
  2 white imps (Abyss:3)
  An ooze (D:1)
  An adder skeleton (D:5)
  A worm (D:2)
  A dart slug (D:1)
  5 leopard geckos
  124 orcs
  8 bats
  9 giant cockroaches
  17 goblins
  10 hobgoblins
  9 jackals
  17 kobolds
  7 quokkas
  5 ball pythons
  6 frilled lizards
  2 hobgoblin zombies (D:4)
  2 kobold zombies (D:4)
  An orc skeleton (D:13)
  6 rats
1111 creatures vanquished.

Vanquished Creatures (others)
  3 dancing weapons (Elf:2)
  2 cyclopes
  2 fauns
  4 merfolk
  2 water elementals (Elf:2)
  3 centaurs (Vaults:1)
  7 fungi
  27 plants
  4 starspawn tentacles (Abyss:3)
54 creatures vanquished.

Grand Total: 1165 creatures vanquished

Notes
Turn   | Place    | Note
-------+----------+-------------------------------------------
     0 | D:1      | Balder the Minotaur Fighter began the quest for the Orb.
     0 | D:1      | Reached XP level 1. HP: 19/19 MP: 0/0
   300 | D:1      | Reached XP level 2. HP: 27/27 MP: 1/1
   469 | D:1      | Reached XP level 3. HP: 27/33 MP: 2/2
  1051 | D:2      | Noticed Natasha
  1068 | D:2      | Killed Natasha
  1068 | D:2      | Reached skill level 1 in Throwing
  1068 | D:2      | Reached XP level 4. HP: 6/40 MP: 3/3
  1405 | D:2      | Noticed Natasha
  1413 | D:2      | Killed Natasha
  1460 | D:2      | Noticed Robin
  1495 | D:2      | Reached skill level 1 in Dodging
  1500 | D:2      | Reached XP level 5. HP: 27/47 MP: 4/4
  1504 | D:2      | Killed Robin
  1515 | D:2      | Noticed Natasha
  1525 | D:2      | Killed Natasha
  1920 | D:2      | Found a shadowy altar of Dithmenos.
  2241 | D:2      | Noticed Jessica
  2247 | D:2      | Killed Jessica
  2598 | D:3      | Reached XP level 6. HP: 30/53 MP: 5/5
  3095 | D:3      | Reached skill level 5 in Maces & Flails
  3595 | D:4      | Reached skill level 5 in Armour
  3923 | D:4      | Reached skill level 1 in Polearms
  4189 | D:5      | Entered Level 5 of the Dungeon
  4220 | D:5      | Reached XP level 7. HP: 49/60 MP: 6/6
  4292 | D:5      | Reached skill level 5 in Shields
  4336 | D:5      | Reached skill level 5 in Fighting
  4360 | D:5      | Got a fine whip
  4369 | D:5      | Identified the +9 whip of Doom {venom, rF+} (You found it
                  | on level 5 of the Dungeon)
  4686 | D:5      | Found a large runed translucent door.
  4688 | D:5      | Found a large runed translucent door.
  4703 | D:5      | Noticed a two-headed ogre
  4708 | D:5      | Found the +8 lance "Wyrmbane" {slay drac, rPois rF+ rC+
                  | AC+3}
  4723 | D:5      | Killed a two-headed ogre
  4723 | D:5      | Reached skill level 2 in Polearms
  4723 | D:5      | Reached XP level 8. HP: 58/69 MP: 7/7
  4724 | D:5      | Found a large runed translucent door.
  4724 | D:5      | Found a large runed translucent door.
  4740 | D:5      | Noticed Eustachio
  4758 | D:5      | Killed Eustachio
  4758 | D:5      | Reached skill level 3 in Polearms
  5062 | D:5      | Got an ancient trident
  5063 | D:5      | Identified the +7 trident of Plunder {pierce, Stlth+} (You
                  | found it on level 5 of the Dungeon)
  5122 | D:6      | Reached XP level 9. HP: 71/75 MP: 8/8
  5265 | D:6      | Found Ukhapil's General Store.
  5433 | D:6      | Reached skill level 4 in Polearms
  5673 | D:6      | Noticed Edmund
  5682 | D:6      | Killed Edmund
  5682 | D:6      | Reached skill level 5 in Polearms
  5954 | D:7      | Found a staircase to the Ecumenical Temple.
  6003 | Temple   | Entered the Ecumenical Temple
  6015 | Temple   | Became a worshipper of Warmaster Okawaru
  6114 | D:7      | Found Urowetig's General Store.
  6121 | D:7      | Noticed Duvessa
  6141 | D:7      | Killed Duvessa
  6141 | D:7      | Reached skill level 6 in Polearms
  6148 | D:7      | Noticed Dowan
  6156 | D:7      | Killed Dowan
  6188 | D:7      | Bought a +1 pair of gloves for 138 gold pieces
  6277 | D:7      | Found a glowing silver altar of Zin.
  6285 | D:7      | Found a shimmering blue altar of Sif Muna.
  6287 | D:7      | Found a glowing golden altar of the Shining One.
  6287 | D:7      | Found a snail-covered altar of Cheibriados.
  6292 | D:7      | Found a basalt altar of Yredelemnul.
  6292 | D:7      | Found a hazy altar of Hepliaklqana.
  6439 | D:7      | Reached XP level 10. HP: 69/86 MP: 9/9
  6593 | D:8      | Reached * piety under Okawaru
  6593 | D:8      | Reached skill level 7 in Polearms
  6699 | D:8      | Noticed a two-headed ogre
  6711 | D:8      | Killed a two-headed ogre
  7062 | D:8      | Reached skill level 8 in Polearms
  7085 | D:8      | Reached ** piety under Okawaru
  7217 | D:9      | Found Neweti Baxe's Jewellery Boutique.
  8045 | D:10     | Entered Level 10 of the Dungeon
  8185 | D:10     | Reached skill level 5 in Dodging
  8199 | D:10     | Reached skill level 9 in Polearms
  8245 | D:10     | Reached *** piety under Okawaru
  8867 | D:10     | Reached XP level 11. HP: 90/95 MP: 10/10
  9324 | D:10     | Noticed Sonja
  9346 | D:10     | Killed Sonja
  9346 | D:10     | Reached **** piety under Okawaru
  9346 | D:10     | Reached skill level 5 in Throwing
  9673 | D:11     | Found a portal to a secret trove of treasure.
  9684 | D:11     | Noticed a soul eater
 10178 | D:11     | Killed an unseen horror
 10178 | D:11     | Received a gift from Okawaru
 10178 | D:11     | Reached skill level 10 in Polearms
 10532 | D:11     | Reached skill level 1 in Invocations
 10748 | D:11     | Found a staircase to the Lair.
 10931 | Lair:1   | Entered Level 1 of the Lair of Beasts
 11107 | Lair:1   | Noticed a five-headed hydra
 11117 | Lair:1   | Killed a five-headed hydra
 11130 | Lair:1   | Reached ***** piety under Okawaru
 11508 | Lair:1   | Noticed Gastronok
 11555 | Lair:1   | Killed Gastronok
 11555 | Lair:1   | Received a gift from Okawaru
 11555 | Lair:1   | Reached skill level 10 in Maces & Flails
 11555 | Lair:1   | Reached skill level 11 in Polearms
 11809 | Lair:1   | Got a jewelled great mace {god gift}
 11818 | Lair:1   | Identified the +4 great mace "Xemattuq" {flame, *Slow +Inv
                  | rN+ Str+4} (Okawaru gifted it to you on level 1 of the Lair
                  | of Beasts)
 11894 | Lair:1   | Reached XP level 12. HP: 90/105 MP: 12/12
 12334 | Lair:2   | Reached skill level 10 in Armour
 12419 | Lair:2   | Noticed an eight-headed hydra
 12423 | Lair:2   | Killed an eight-headed hydra
 12628 | Lair:2   | Found a staircase to the Shoals.
 12648 | Lair:2   | Reached skill level 10 in Fighting
 12656 | Lair:2   | Received a gift from Okawaru
 12741 | Lair:2   | Noticed a catoblepas
 12764 | Lair:2   | Killed a catoblepas
 14286 | Lair:3   | Found a hole to the Spider Nest.
 14852 | Lair:4   | Reached skill level 10 in Shields
 15132 | Lair:4   | Reached XP level 13. HP: 110/114 MP: 15/15
 15794 | Lair:5   | Received a gift from Okawaru
 16381 | Lair:5   | Got a vibrating ivory ring
 16387 | Lair:5   | Identified the ring "Feident" {rF+ rCorr MP+9 Int+3} (You
                  | found it on level 5 of the Lair of Beasts)
 16745 | Lair:6   | Entered Level 6 of the Lair of Beasts
 16761 | Lair:5   | Received a gift from Okawaru
 17303 | Lair:6   | Reached skill level 12 in Polearms
 17319 | Lair:6   | Reached skill level 5 in Invocations
 17330 | Lair:6   | Reached ****** piety under Okawaru
 17470 | Lair:6   | Received a gift from Okawaru
 17714 | Lair:6   | Received a gift from Okawaru
 18232 | Lair:6   | Identified a scroll of acquirement
 18539 | Lair:6   | Got an amber-studded leather armour
 18551 | Lair:6   | Identified the +2 leather armour of Purpose {Stlth+} (You
                  | found it on level 6 of the Lair of Beasts)
 18621 | Lair:6   | Received a gift from Okawaru
 19080 | D:12     | Reached XP level 14. HP: 121/125 MP: 17/17
 19215 | D:12     | Noticed Snorg
 19227 | D:12     | Killed Snorg
 19246 | D:12     | Noticed Frances
 19271 | D:12     | Killed Frances
 19886 | D:12     | Found a staircase to the Orcish Mines.
 20004 | D:12     | Got a crystal trident
 20006 | D:12     | Identified the +6 trident "Orb Guardian's Death"
                  | {antimagic, Str+9 Dex+4} (You found it on level 12 of the
                  | Dungeon)
 20120 | D:12     | Noticed Kirke
 20471 | D:12     | Killed Kirke
 20754 | Orc:1    | Entered Level 1 of the Orcish Mines
 21022 | Orc:2    | Entered Level 2 of the Orcish Mines
 21066 | Orc:2    | Found a roughly hewn altar of Beogh.
 21067 | Orc:2    | Found Exeoseol's Assorted Antiques.
 21100 | Orc:2    | Bought a scroll of magic mapping for 129 gold pieces
 21176 | Orc:2    | Found a roughly hewn altar of Beogh.
 21208 | Orc:2    | Found a roughly hewn altar of Beogh.
 21209 | Orc:2    | Found Cymef's Gadget Shop.
 21488 | Orc:2    | Noticed Donald
 21511 | Orc:2    | Killed Donald
 21511 | Orc:2    | Received a gift from Okawaru
 21754 | Orc:2    | Reached skill level 1 in Evocations
 21819 | Orc:2    | Found a roughly hewn altar of Beogh.
 22104 | Orc:2    | Found a staircase to the Elven Halls.
 22210 | Orc:2    | Found a roughly hewn altar of Beogh.
 22275 | Orc:2    | Reached skill level 1 in Axes
 22319 | Orc:2    | Noticed an orc warlord
 22343 | Orc:2    | Killed an orc warlord
 22399 | Orc:2    | Found Pammoc's Antique Weapon Shoppe.
 22400 | Orc:2    | Found a roughly hewn altar of Beogh.
 22403 | Orc:2    | Found Bifuwnox's Antique Armour Emporium.
 22430 | Orc:2    | Bought a glowing scarf for 144 gold pieces
 22430 | Orc:2    | Bought a jewelled cloak for 171 gold pieces
 22448 | Orc:2    | Identified the +2 cloak of Death Resistance {*Corrode MR+
                  | Str+5} (You bought it in a shop on level 2 of the Orcish
                  | Mines)
 22683 | Orc:2    | Reached skill level 13 in Polearms
 22890 | Orc:1    | Received a gift from Okawaru
 22900 | Orc:1    | Got a pair of jewelled boots {god gift}
 22914 | Orc:1    | Identified the +2 pair of boots of Niuficyn {*Drain rPois
                  | rN+ Dex+5} (Okawaru gifted it to you on level 1 of the
                  | Orcish Mines)
 22935 | Orc:1    | Found Vousyag's Antique Weapon Shoppe.
 23395 | Shoals:1 | Entered Level 1 of the Shoals
 23763 | Shoals:1 | Reached XP level 15. HP: 119/135 MP: 6/19
 24070 | Shoals:2 | Identified the Disquisition on Arcane Weapons and Black
                  | Rites
 24449 | Shoals:2 | Received a gift from Okawaru
 25411 | Shoals:3 | Reached skill level 14 in Polearms
 25980 | Shoals:4 | Entered Level 4 of the Shoals
 26019 | Shoals:4 | Reached skill level 10 in Dodging
 26024 | Shoals:4 | Reached skill level 10 in Throwing
 26435 | Shoals:4 | Reached XP level 16. HP: 118/144 MP: 5/21
 26464 | Shoals:4 | Reached skill level 5 in Axes
 26616 | Shoals:4 | Received a gift from Okawaru
 26762 | Shoals:4 | Received a gift from Okawaru
 27246 | Shoals:4 | Received a gift from Okawaru
 28194 | Shoals:4 | Got a barnacled rune of Zot
 28350 | Spider:1 | Entered Level 1 of the Spider Nest
 29672 | Spider:2 | Noticed Azrael
 29681 | Spider:1 | Received a gift from Okawaru
 29708 | Spider:1 | Reached skill level 5 in Evocations
 29712 | Spider:1 | Received a gift from Okawaru
 30351 | Spider:2 | Killed Azrael
 31002 | D:13     | Found a gate to the Vaults.
 31084 | D:13     | Reached XP level 17. HP: 134/152 MP: 9/22
 31327 | D:13     | Received a gift from Okawaru
 31335 | D:13     | Got a shimmering demon trident {god gift}
 31336 | D:13     | Identified the +3 demon trident of Bowem {drain, rF+++
                  | Str+6 Int+4 Stlth-} (Okawaru gifted it to you on level 13
                  | of the Dungeon)
 31605 | D:13     | Found an ancient bone altar of Kikubaaqudgha.
 31998 | Vaults:1 | Entered Level 1 of the Vaults
 32182 | Vaults:1 | Reached skill level 15 in Polearms
 32625 | Elf:1    | Entered Level 1 of the Elven Halls
 32629 | Elf:1    | Cast into level 3 of the Abyss (+2 short sword of
                  | distortion)
 32630 | Abyss:3  | Found a corrupted altar of Lugonu.
 32690 | Abyss:3  | Found a runed translucent door.
 32706 | Abyss:3  | Paralysed by accursed screaming for 2 turns
 32880 | Abyss:3  | Received a gift from Okawaru
 33012 | Abyss:3  | Paralysed by accursed screaming for 1 turns
 33017 | Abyss:3  | Paralysed by accursed screaming for 1 turns
 33283 | Abyss:3  | Received a gift from Okawaru
 33300 | Abyss:3  | Got a crude chain mail {god gift}
 33313 | Abyss:3  | Identified the +11 chain mail "Igaikaef" {Dex+4} (Okawaru
                  | gifted it to you on level 3 of the Abyss)
 33369 | Abyss:3  | Found a hide-covered altar of Uskayaw.
 33369 | Abyss:3  | Noticed a profane servitor
 33393 | Abyss:3  | Killed a profane servitor
 33407 | Elf:1    | Escaped the Abyss
 33414 | Elf:1    | Reached skill level 15 in Fighting
 33762 | Elf:1    | Reached skill level 10 in Invocations
 33766 | Elf:1    | Identified Zetsyrenk's Grimoire of Space
 34395 | Elf:1    | Reached skill level 16 in Polearms
 34401 | Elf:1    | Received a gift from Okawaru
 34409 | Elf:1    | Got a translucent crystal plate armour {god gift}
 34798 | Elf:1    | Identified the Incunabulum of Creation
 35325 | Elf:2    | Noticed a Hell Sentinel
 35348 | Elf:2    | Noticed a deep elf blademaster
 35367 | Elf:2    | Killed a deep elf blademaster
 35367 | Elf:2    | Reached XP level 18. HP: 43/165 MP: 6/24
 35436 | Elf:2    | HP: 1/166 [deep elf mage/bolt of lightning (18)]
 35437 | Elf:2    | Slain by a +4 glaive of protection

Levels and vault maps discovered:
D:1:      dpeg_arrival_morbid_curiosity, layout_basic, minmay_hexomino_u4
D:2:      layout_basic, minmay_misc_feat_cross, grunt_dithmenos_smoke,
          uniq_jessica, uniq_robin, uniq_natasha
D:3:      layout_basic, first_ration, kennysheep_generic_room_16
D:4:      layout_loops_ring, grunt_decor_one_mirror, minmay_mini_ossuary
D:5:      layout_basic, minmay_hollow_rounded_squares, uniq_eustachio
D:6:      layout_loops_ring, serial_shops, shop_statue, uniq_edmund
D:7:      layout_basic, grunt_temple_overflow_open, minmay_temple_entry_ruins,
          serial_shops, nicolae_shop_waterfront, uniq_duvessa
D:8:      layout_basic
D:9:      layout_basic, serial_shops, shop, hangedman_fish_farm
D:10:     layout_layer_cave, hangedman_decor_growths, minmay_misc_feat_enclosed,
          dk_noncrumbling_4, uniq_sonja
D:11:     layout_basic, david_lair_shrubbed, nicolae_trove_entry_path_of_doom
D:12:     layout_irregular_city, hiddenorc2_lemuel, uniq_snorg, uniq_frances,
          uniq_kirke
D:13:     layout_roguey, erik_vaults_2, lemuel_mausoleum_altar_kikubaaqudgha
Temple:   nicolae_temple_elliptical
Lair:1:   lemuel_reptile_caves, layout_long_grid, grunt_megastairs_3,
          uniq_gastronok
Lair:2:   layout_cave_pods, elwin_shoals_entry_stream,
          nicolae_quartered_pool_medium, chequers_serial_rivers_micro_a
Lair:3:   layout_misc_corridors, spider_nest_entry_a
Lair:4:   layout_regular_city, grunt_megastairs_5
Lair:5:   layout_roguey
Lair:6:   minmay_lair_end_enchanted_forest, layout_concentric_octagons,
          minmay_slime_entry_oklob_enclosed, minmay_lair_oklob_chamber
Shoals:1: layout_shoals, st_cyclops
Shoals:2: layout_shoals, nicolae_shoals_so_close
Shoals:3: layout_shoals
Shoals:4: shoals_end_grunt_ice, layout_shoals
Spider:1: layout_spider_delve, drop_trap, nicolae_spider_webs_and_nodes
Spider:2: layout_spider_delve, uniq_azrael, uniq_arachne
Orc:1:    layout_caves, serial_shops, nicolae_shop_overgrown_old_shop,
          enter_bailey_8, statue_in_the_mist_lemuel
Orc:2:    grunt_orc_community_town_hall, layout_caves,
          grunt_orc_community_big_house_1, grunt_orc_community_big_house_1,
          grunt_orc_community_house_1, grunt_orc_community_house_1,
          grunt_orc_community_house_1, grunt_orc_community_house_2,
          grunt_orc_community_house_2, nicolae_volcano_entry_batcave,
          abandoned_shop, nicolae_orc_crystal_geode, uniq_donald
Elf:1:    minmay_elf_arrival_circle, layout_loops_corners,
          minmay_elf_demonology, grunt_ministairs_15
Elf:2:    layout_geoelf_octagon, evilmike_ambush [evilmike_ambush_outer_basic,
          evilmike_ambush_inner_basic]
Vaults:1: nicolae_vaults_octagons, v_misc_23, nicolae_vaults_asterisk,
          hangedman_vaults_stagger, grunt_vaults_swirl, vaults_mumra_hex,
          vaults_room_grid, vaults_standard_mumra_lines, v_misc_17,
          hangedman_vaults_variations, nicolae_vaults_windows_and_doors_thing,
          vaults_room_semicircle, layout_vaults_big_cross, serial_shops, shop

Skill      XL: |  1  2  3  4  5  6  7  8  9 10 11 12 13 14 15 16 17 18 |
---------------+-------------------------------------------------------+-----
Armour         | 4 5 6 7 8 9 10 11 12 | 12.0
Fighting       | 4 5 6 7 8 9 10 11 13 14 15 | 15.6
Shields        | 4 6 7 9 10 11 12 13 | 13.9
Maces & Flails | 3 4 5 7 8 9 10 11 12 | 12.1
Throwing       | 1 2 3 4 5 6 7 9 10 11 12 | 12.2
Dodging        | 1 2 3 4 5 6 7 8 9 10 11 | 11.4
Polearms       | 1 2 3 6 9 11 12 13 14 16 | 16.2
Invocations    | 2 4 6 7 8 9 10 | 10.2
Evocations     | 2 3 5 6 |  6.3
Axes           | 2 4 6 7 |  7.0
Stealth        | |  0.6

Action                   |  1- 3 |  4- 6 |  7- 9 | 10-12 | 13-15 | 16-18 || total
-------------------------+-------+-------+-------+-------+-------+-------++-------
Melee: Flail             |    91 |   192 |       |     5 |    10 |       ||   298
       Headbutt          |     6 |    43 |    37 |   162 |   466 |   418 ||  1132
       Whip              |       |    20 |    43 |   134 |    14 |       ||   211
       Lance             |       |       |   126 |   433 |   863 |   170 ||  1592
       Trident           |       |       |    74 |    85 |   653 |   415 ||  1227
       Great mace        |       |       |       |    88 |       |       ||    88
       Dagger            |       |       |       |       |     4 |       ||     4
       Unarmed           |       |       |       |       |     5 |       ||     5
       Demon trident     |       |       |       |       |       |   574 ||   574
Throw: Dart              |       |    11 |     7 |     8 |     3 |       ||    29
       Boomerang         |       |       |       |       |   261 |   176 ||   437
Invok: Heroism           |       |       |       |     1 |    11 |     9 ||    21
Evoke: Wand              |       |       |     1 |     1 |    19 |    16 ||    37
  Use: Potion            |     1 |       |     4 |     2 |     6 |    12 ||    25
       Scroll            |       |     3 |    11 |    16 |    20 |    17 ||    67
  Eat: Chunk             |     1 |    10 |     7 |     9 |    10 |       ||    37
       Ration            |       |       |       |     6 |     8 |     9 ||    23
Armor: Scale mail        |    32 |    82 |     9 |       |       |       ||   123
       Skin              |       |     2 |       |       |       |       ||     2
       Plate armour      |       |       |    93 |   232 |   103 |       ||   428
       Pearl dragon scal |       |       |       |       |   131 |   249 ||   380
       Chain mail        |       |       |       |       |       |    65 ||    65
Dodge: Dodged            |    32 |    71 |    38 |   273 |   896 |   961 ||  2271
Block: Shield            |    59 |   110 |   111 |   306 |  1024 |   998 ||  2608
       Reflection        |       |       |       |       |    67 |    64 ||   131
